 Dungeon Crawl Stone Soup version 0.29-a0-91-gdebf4667c2 (webtiles) character file.

Game seed: 7683764971080565627

2917 drugrobin the Spear-Bearer (level 9, -10/82 HPs)
             Began as a Demigod Warper on Feb 7, 2022.
             Mangled by Joseph (17 damage)
             ... on level 8 of the Dungeon.
             The game lasted 00:25:27 (9634 turns).

drugrobin the Spear-Bearer (Demigod Warper)         Turns: 9634, Time: 00:25:28

Health: -10/82     AC:  5    Str: 20    XL:     9   Next: 25%
Magic:  23/23      EV: 12    Int: 15    God:
Gold:   150        SH:  0    Dex: 17    Spells: 6/11 levels left

rFire   + . .      SeeInvis .   a - +6 hand axe "With Two Names" {flame, rF+ rC+}
rCold   + . .      Faith    .   (no shield)
rNeg    . . .      Spirit   .   h - +0 troll leather armour {Pargi}
rPois   +          Reflect  .   y - +0 hat
rElec   .          Harm     .   (no cloak)
rCorr   .          Rampage  .   (no gloves)
Will    .....                   z - +0 pair of boots
Stlth   +.........              (no amulet)
HPRegen 1.03/turn               C - ring of poison resistance
MPRegen 0.18/turn               B - ring of magical power

@: mighty
A: high MP 1, forlorn, divine attributes
a: no special abilities


You were on level 8 of the Dungeon.
You visited 1 branch of the dungeon, and saw 8 of its levels.
You also visited: Sewer.

You collected 248 gold pieces.
You spent 98 gold pieces at shops.

Inventory:

Hand Weapons
 a - the +6 hand axe "With Two Names" (weapon) {flame, rF+ rC+}
   (You found it on level 3 of the Dungeon)

   It burns those it strikes, dealing additional fire damage.
   Big, fiery blades are also staple armaments of hydra-hunters.
   rF:        It protects you from fire.
   rC:        It protects you from cold.
 b - a +0 shortbow
 j - a +1 dagger of electrocution
 G - a +2 spear of flaming
Missiles
 d - 5 boomerangs of dispersal
 f - 163 stones (quivered)
 E - 5 javelins
 H - 34 arrows
Armour
 h - a +0 troll leather armour (worn) {Pargi}
 y - a +0 hat (worn)
 z - a +0 pair of boots (worn)
Magical Staves
 m - a staff of fire
Jewellery
 B - a ring of magical power (right hand)
 C - a ring of poison resistance (left hand)
Wands
 w - a wand of iceblast (18)
 D - a wand of mindburst (11)
 J - a wand of flame (17)
Scrolls
 c - 4 scrolls of blinking
 g - 3 scrolls of fear {unknown}
 l - a scroll of teleportation
 n - 3 scrolls of enchant armour {unknown}
 o - 2 scrolls of silence {unknown}
 p - a scroll of vulnerability {unknown}
 t - a scroll of fog
 u - a scroll of magic mapping
 x - 2 scrolls of enchant weapon {unknown}
 A - 3 scrolls of identify
 I - 2 scrolls of noise {unknown}
Potions
 e - a potion of cancellation
 i - 2 potions of lignification {unknown}
 k - a potion of heal wounds {unknown}
 q - 2 potions of resistance
 r - 2 potions of magic
 s - a potion of brilliance {unknown}
 v - a potion of curing {unknown}
 K - a potion of haste {unknown}


   Skills:
 + Level 8.7 Fighting
 + Level 8.7 Polearms
 - Level 1.0 Throwing
 - Level 1.0 Armour
 - Level 1.9 Dodging
 - Level 1.8 Spellcasting
 + Level 3.0 Translocations


You had 6 spell levels left.
You knew the following spells:

 Your Spells              Type           Power      Damage    Failure   Level
a - Teleport Other        Tloc           10%        N/A       22%         3
b - Blink                 Tloc           20%        N/A       12%         2

Your spell library contained the following spells:

 Spells                   Type           Power      Damage    Failure   Level
 Apportation              Tloc           20%        N/A       8%          1
 Gell's Gravitas          Tloc           10%        N/A       22%         3
 Lesser Beckoning         Tloc           10%        N/A       22%         3
 Animate Skeleton         Necr           2%         N/A       26%         1
 Beastly Appendage        Tmut           2%         N/A       26%         1
 Summon Small Mammal      Summ           4%         N/A       26%         1
 Wereblood                Tmut           1%         N/A       38%         2
 Passage of Golubria      Tloc           10%        N/A       58%         4
 Spider Form              Tmut/Pois      1%         N/A       63%         3
 Tukima's Dance           Hex            1%         N/A       63%         3
 Manifold Assault         Tloc           10%        N/A       91%         5
 Yara's Violent Unravell  Hex/Tmut       0%         3d3       100%        5


Dungeon Overview and Level Annotations

Branches:
Dungeon (8/15)             Temple (0/1) D:5           Sewer (visited)
   Lair: D:8-11

Shops:
D:3 ?

Annotations:
D:5 3 runed translucent doors, lordive's ghost, novice SpEn
D:8 Joseph; Psyche


Innate Abilities, Weirdness & Mutations

You have an increased reservoir of magic. (+10% MP)
You shall have no god before yourself.
Your divine heritage dramatically boosts your attributes as you level up.


Message History

Joseph unwields a +0 hunting sling.
Joseph wields a +0 quarterstaff.
Joseph hits you with a +0 quarterstaff!
You see here a scroll of blinking.
Unknown command.
You hit Joseph. You burn Joseph.
Joseph is lightly wounded.
Joseph hits you with a +0 quarterstaff!
Unknown command.
You slash Joseph! You burn Joseph.
Joseph is moderately wounded.
Joseph hits you with a +0 quarterstaff!
Unknown command.
You feel very mighty all of a sudden. Joseph hits you with a +0 quarterstaff!
* * * LOW HITPOINT WARNING * * *
Unknown command.
Unknown command.
You slash Joseph! You burn Joseph.
Joseph is heavily wounded.
Joseph screams, "I'm going to kill you!
Now!"
Joseph hits you with a +0 quarterstaff!
* * * LOW HITPOINT WARNING * * *
Unknown command.
Unknown command.
Unknown command.
Unknown command.
You barely miss Joseph.
Joseph is heavily wounded.
Joseph hits you with a +0 quarterstaff!
* * * LOW HITPOINT WARNING * * *
Unknown command.
Unknown command.
Unknown command.
Unknown command.
Okay, then.
Unknown command.
Unknown command.
It was a potion of magic.
Magic courses through your body. Joseph hits you with a +0 quarterstaff!
You die...

.......<....>#
.##....##.##.#
+.... #.# # #...#
#.. #### ####
#############
........@...#
#####..@###.#
......!.# #.##.#
.......†# #..#.#
........# ##.#.#
........# #.#.##
........####@...#
######..........#
#......[...#
#..........#


You could see Joseph.

Vanquished Creatures
  Pikel (D:7)
  Prince Ribbit (D:6)
  3 yaks (D:6)
  Edmund (D:6)
  Menkaure (D:6)
  A water moccasin (D:7)
  Pargi (Sewer)
  An ice beast (D:6)
  A necrophage (D:8)
  2 centaurs
  2 ogres
  2 phantoms (D:4)
  2 lemures (D:7)
  A bullfrog (D:8)
  A scorpion (D:5)
  A water moccasin zombie (D:6)
  A wyvern skeleton (D:7)
  A water moccasin skeleton (D:6)
  2 howler monkeys (D:5)
  A hound (D:5)
  An orc priest (D:4)
  4 iguanas
  A killer bee zombie (D:6)
  A hound zombie (D:5)
  A hound skeleton (D:4)
  4 adders
  A gnoll (D:1)
  A shadow imp (D:6)
  A white imp (D:5)
  An adder skeleton (D:4)
  4 worms
  2 dart slugs
  7 orcs
  9 bats
  13 endoplasms
  4 giant cockroaches
  10 goblins
  9 hobgoblins
  4 jackals (D:4)
  17 kobolds
  8 quokkas
  11 ball pythons
  11 frilled lizards
  4 rats
156 creatures vanquished.

Notes
Turn   | Place    | Note
-------+----------+-------------------------------------------
     0 | D:1      | drugrobin the Demigod Warper began the quest for the Orb.
     0 | D:1      | Reached XP level 1. HP: 17/17 MP: 5/5
    89 | D:1      | Reached skill level 1 in Throwing
    89 | D:1      | Reached skill level 1 in Armour
   272 | D:1      | Reached XP level 2. HP: 5/24 MP: 7/7
   279 | D:1      | HP: 1/24 [hobgoblin (4)]
   744 | D:2      | Learned a level 2 spell: Blink
  1339 | D:2      | Reached XP level 3. HP: 26/30 MP: 8/8
  1510 | D:1      | You fall into a shaft and drop 1 floor!
  2498 | D:1      | Learned a level 3 spell: Teleport Other
  2969 | D:3      | Reached XP level 4. HP: 38/38 MP: 9/9
  3646 | D:3      | Identified the +6 hand axe "With Two Names" {flame, rF+
                  | rC+}
  4072 | D:3      | Found Dolischua's Magic Scroll Emporium.
  4077 | D:3      | Bought a scroll of identify for 28 gold pieces
  4077 | D:3      | Bought a scroll of fog for 28 gold pieces
  4077 | D:3      | Bought a scroll of teleportation for 42 gold pieces
  4269 | D:4      | Noticed an orc warrior
  4718 | D:4      | Reached XP level 5. HP: 25/45 MP: 10/10
  4730 | D:4      | Found a glowing drain.
  4850 | Sewer    | Entered a sewer
  4913 | Sewer    | Noticed Pargi
  4954 | Sewer    | Killed Pargi
  5442 | D:4      | Noticed an ogre
  5616 | D:4      | Reached XP level 6. HP: 48/53 MP: 11/11
  5701 | D:4      | Reached skill level 5 in Fighting
  5701 | D:4      | Reached skill level 5 in Polearms
  6174 | D:5      | Entered Level 5 of the Dungeon
  6219 | D:5      | Found a runed translucent gate.
  6219 | D:5      | Found a runed translucent gate.
  6220 | D:5      | Found a runed translucent gate.
  6220 | D:5      | Noticed lordive's ghost (novice SpEn)
  6359 | D:5      | Reached XP level 7. HP: 59/61 MP: 12/12
  6738 | D:5      | Found a staircase to the Ecumenical Temple.
  7203 | D:6      | Noticed Prince Ribbit
  7282 | D:6      | Noticed a yak
  7283 | D:6      | Noticed a yak
  7283 | D:6      | Noticed a yak
  7293 | D:6      | Killed a yak
  7298 | D:6      | Killed a yak
  7361 | D:6      | Killed a yak
  7362 | D:6      | Reached XP level 8. HP: 55/71 MP: 13/13
  7514 | D:6      | Killed Prince Ribbit
  7953 | D:6      | Noticed Menkaure
  7964 | D:6      | Killed Menkaure
  8226 | D:6      | Noticed Edmund
  8240 | D:6      | Killed Edmund
  8382 | D:6      | Noticed an angel
  8402 | D:6      | Noticed a profane servitor
  9094 | D:7      | Noticed Pikel
  9145 | D:7      | Killed Pikel
  9146 | D:7      | Reached XP level 9. HP: 76/82 MP: 14/14
  9342 | D:7      | Noticed a two-headed ogre
  9434 | D:8      | Noticed Psyche
  9607 | D:8      | Noticed Joseph
  9634 | D:8      | Mangled by Joseph

Illustrated notes

Levels and vault maps discovered:
D:1:      onia_arrival_pyramid, layout_basic,
          dreamdust_ecumenical_altar_statues, minmay_box_of_dots
D:2:      layout_loops_corners, serial_glass, glass_columns_a, glass_columns_c,
          nrook_loot_triangle
D:3:      layout_loops_cross, serial_shops, nicolae_shop_hallway_plus
D:4:      minmay_chambers_of_threes, layout_cave_pools, portal_sewer_entry_f
D:5:      layout_cave_pods, temple_fountains, gammafunk_ghost_split
D:6:      layout_basic, grunt_temple_overflow_holy_war, uniq_edmund,
          uniq_menkaure, uniq_prince_ribbit1
D:7:      layout_basic, mainiacjoe_overflow_alcove_4,
          minmay_overflow_temple_star_quad, kennysheep_boxes, uniq_pikel,
          uniq_crazy_yiuf_cottage
D:8:      layout_basic, uniq_joseph, uniq_psyche

Skill      XL: |  1  2  3  4  5  6  7  8  9 |
---------------+----------------------------+-----
Throwing       | 1 |  1.0
Armour         | 1 |  1.0
Polearms       | 2 3 4 5 6 8 |  8.7
Fighting       | 2 3 4 5 6 8 |  8.7
Translocations | 3 |  3.0
Dodging        | |  1.9
Spellcasting   | |  1.8

Action                   |  1- 3 |  4- 6 |  7- 9 || total
-------------------------+-------+-------+-------++-------
Melee: Spear             |   209 |    41 |     3 ||   253
       Punch             |     4 |     2 |     1 ||     7
       Hand axe          |       |   132 |   159 ||   291
       Dagger            |       |    15 |       ||    15
 Fire: Shortbow          |       |       |     9 ||     9
Throw: Stone             |     3 |    22 |    12 ||    37
       Javelin           |       |       |     2 ||     2
 Cast: Blink             |       |       |     2 ||     2
Evoke: Wand              |       |     1 |     2 ||     3
  Use: Scroll            |       |     5 |     1 ||     6
       Potion            |       |     1 |     2 ||     3
 Stab: Sleeping          |       |       |     1 ||     1
Armor: Leather armour    |    24 |       |       ||    24
       Scale mail        |    62 |    44 |       ||   106
       Troll leather arm |       |    18 |    33 ||    51
Dodge: Dodged            |   106 |    77 |    83 ||   266

Table legend: (Time is in decaauts)
 A = Elapsed time spent in this place.
 B = Non-inter-level travel time spent in this place.
 C = Inter-level travel time spent in this place.
 D = Time resting spent in this place.
 E = Time spent auto-exploring this place.
 F = Levels seen in this place.
 G = Mean time per level.
                   A        B        C        D        E       F      G
               +--------+--------+--------+--------+--------+-----+--------+
         Total |   9720 |   9200 |    520 |   2110 |   4850 |   9 | 1080.0 |
       Dungeon |   9148 |   8628 |    520 |   1849 |   4673 |   8 | 1143.5 |
         Sewer |    572 |    572 |      0 |    261 |    177 |   1 |  572.0 |
               +--------+--------+--------+--------+--------+-----+--------+

Top non-repeatable levels by time:
     D:2: 1782 daAuts
     D:3: 1684 daAuts
     D:1: 1256 daAuts
     D:6: 1250 daAuts
     D:5: 1101 daAuts
     D:7: 970 daAuts
     D:4: 947 daAuts
   Sewer: 572 daAuts
     D:8: 154 daAuts
